 Dungeon Crawl Stone Soup version 0.30-a0-622-gddc90eaa04 (webtiles) character file.

Game seed: 2012788420543055095

455844 Dirtsage the Cryomancer (level 24, -13/173 HPs)
             Began as an Octopode Transmuter on Jan 10, 2023.
             Was the Champion of the Shining One (penitent).
             Mangled by a rockslime (31 damage)
             ... on level 5 of the Pits of Slime.
             The game lasted 03:13:19 (49728 turns).

Dirtsage the Cryomancer (Octopode Transmuter)      Turns: 49728, Time: 03:13:20

Health: -13/173    AC: 20    Str: 14    XL:     24   Next: 6%
Magic:  40/40      EV: 34    Int: 30    God:    the Shining One [******]
Gold:   4645       SH:  5    Dex: 13    Spells: 5/49 levels left

rFire   + . .      SeeInvis .      - Unarmed
rCold   + + .      Faith    .    (shield currently unavailable)
rNeg    + + +      Spirit   .    (helmet currently unavailable)
rPois   ∞          Reflect  +    j - amulet "Litios" {Reflect rC+ Str+3 SH+5}
rElec   +          Harm     .    b - +6 ring of intelligence
rCorr   +          Rampage  .    W - ring of wizardry
Will    ++...      Clarity  +    X - ring of wizardry
Stlth   +                        K - ring "Yssoss" {Fly rF+ rC+ Will+}
HPRegen 0.48/turn                R - ring of wizardry
MPRegen 0.27/turn                E - +7 ring of protection
                                 U - +9 ring of evasion
                                 C - ring of resist corrosion

@: mighty, storm-form, wereblooded, corroded, flying, hasted, studying 2 skills,
very quick
A: cleaving, insubstantial, flying, almost no armour, amphibious, 8 rings,
(camouflage 1), (gelatinous body 1), (nimble swimmer 1), (tentacles), clarity,
(poison resistance), (cold vulnerability 1)
}: 3/15 runes: decaying, silver, gossamer
a: Blinkbolt, End Transformation, Renounce Religion


You were on level 5 of the Pits of Slime.
You worshipped the Shining One.
The Shining One was demanding penance.
You were a lightning-filled tempest!
You visited 9 branches of the dungeon, and saw 44 of its levels.
You also visited: Bailey and Ice Cave.

You collected 9083 gold pieces.
You spent 4438 gold pieces at shops.

Inventory:

Missiles
 F - 11 curare-tipped darts
Armour
 L - the +0 hat of Rykk (melded) {rCorr}
   (You acquired it on level 5 of the Vaults)

   rCorr:     It protects you from acid and corrosion.
 V - the +2 shield of Resistance {rF++ rC++ Will++}
   (You took it off a deep elf high priest on level 3 of the Elven Halls)

   rF:        It greatly protects you from fire.
   rC:        It greatly protects you from cold.
   Will:      It greatly increases your willpower.
Magical Staves
 s - a staff of earth
 T - a staff of air
Jewellery
 b - a +6 ring of intelligence (left tentacle)
 j - the amulet "Litios" (around neck) {Reflect rC+ Str+3 SH+5}
   (You found it on level 5 of the Vaults)

   [amulet of reflection]

   It reflects blocked missile attacks.
   Str:       It affects your strength (+3).
   rC:        It protects you from cold.
   SH:        It affects your SH (+5).
 m - the ring "Yshriuloi" {Ice Int+2 Dex-5 Slay+2}
   (You found it on level 2 of the Swamp)

   [ring of ice]

   It enhances your ice magic.
   Int:       It affects your intelligence (+2).
   Dex:       It affects your dexterity (-5).
   Slay:      It affects your accuracy & damage with ranged weapons and melee
   (+2).
   rF:        It makes you vulnerable to fire.
   rC:        It protects you from cold.
 x - an amulet of guardian spirit
 z - a ring of fire
 C - a ring of resist corrosion (on tentacle)
 E - a +7 ring of protection (on tentacle)
 H - a +8 ring of strength
 I - a ring of protection from cold
 K - the ring "Yssoss" (on tentacle) {Fly rF+ rC+ Will+}
   (You bought it in a shop on level 3 of the Elven Halls)

   [ring of protection from cold]

   rF:        It protects you from fire.
   rC:        It protects you from cold.
   Fly:       It grants you flight.
   Will:      It increases your willpower.
 M - the ring of Ohoasewa {rF+ Dex+6}
   (You found it on level 2 of the Vaults)

   [ring of dexterity]

   Dex:       It affects your dexterity (+6).
   rF:        It protects you from fire.
 P - a ring of poison resistance
 R - a ring of wizardry (on tentacle)
 S - a ring of magical power
 U - a +9 ring of evasion (on tentacle)
 W - a ring of wizardry (right tentacle)
 X - a ring of wizardry (on tentacle)
Wands
 y - a wand of polymorph (16)
 D - a wand of digging (13)
 G - a wand of roots (36)
 Z - a wand of mindburst (48)
Scrolls
 c - 8 scrolls of poison
 g - 4 scrolls of fear
 i - 22 scrolls of identify
 p - 6 scrolls of amnesia
 r - a scroll of butterflies
 t - 18 scrolls of teleportation
 v - 5 scrolls of fog
 B - 6 scrolls of blinking
 J - 5 scrolls of magic mapping
 N - 3 scrolls of immolation
Potions
 a - 6 potions of lignification
 d - 4 potions of might
 e - 5 potions of mutation
 f - 10 potions of flight
 h - 2 potions of haste
 k - 5 potions of magic
 l - 9 potions of heal wounds
 n - 5 potions of resistance
 o - 8 potions of attraction
 q - 17 potions of curing
 u - 4 potions of ambrosia
 w - 2 potions of cancellation
 A - 7 potions of brilliance
 Y - 4 potions of berserk rage
Miscellaneous
 O - a tin of tremorstones (2/2)


   Skills:
 + Level 16.5 Fighting
 + Level 14.5 Dodging
 + Level 16.4 Unarmed Combat
 + Level 13.3 Spellcasting
 - Level 10.0 Summonings
 * Level 11.8 Transmutations
 - Level 21.1 Ice Magic
 * Level 10.9 Air Magic
 - Level 8.0 Earth Magic
 - Level 12.6 Invocations
 - Level 3.1 Evocations


You had 5 spell levels left.
You knew the following spells:

 Your Spells              Type           Power      Damage    Failure   Level
a - Storm Form            Tmut/Air       36%        N/A       4%          7
b - Statue Form           Tmut/Erth      45%        N/A       1%          6
c - Polar Vortex          Ice            49%        N/A       9%          9
d - Summon Forest         Summ/Tloc      25%        N/A       1%          5
e - Frozen Ramparts       Ice            100%       1d16      0%          3
f - Summon Cactus Giant   Summ           34%        N/A       1%          6
g - Wereblood             Tmut           74%        N/A       1%          2
h - Lesser Beckoning      Tloc           38%        N/A       1%          3
i - Ozocubu's Armour      Ice            98%        N/A       0%          3

Your spell library contained the following spells:

 Spells                   Type           Power      Damage    Failure   Level
 Beastly Appendage        Tmut           100%       N/A       0%          1
 Freeze                   Ice            100%       1d10      0%          1
 Apportation              Tloc           38%        N/A       1%          1
 Foxfire                  Conj/Fire      76%        2x1d7     1%          1
 Necrotise                Necr           76%        1d7       1%          1
 Sandblast                Erth           100%       2d20      1%          1
 Sting                    Tmut/Pois      100%       1d8       1%          1
 Summon Small Mammal      Summ           100%       N/A       1%          1
 Blink                    Tloc           38%        N/A       1%          2
 Cigotuvi's Dreadful Rot  Necr/Pois/Air  82%        N/A       1%          2
 Momentum Strike          Conj/Tloc      38%        3d9       1%          2
 Passwall                 Tmut/Erth      56%        N/A       1%          2
 Poisonous Vapours        Pois/Air       100%       N/A       1%          2
 Scorch                   Fire           38%        2d7       1%          2
 Sublimation of Blood     Necr           19%        N/A       1%          2
 Call Canine Familiar     Summ           68%        N/A       1%          3
 Dazzling Flash           Conj/Hex       38%        N/A       1%          3
 Hailstorm                Conj/Ice       70%        3d15      1%          3
 Ignite Poison            Fire/Tmut/Pois 43%        N/A       1%          3
 Kindle Blastsparks       Fire/Tloc/Air  82%        2d16      1%          3
 Mephitic Cloud           Conj/Pois/Air  41%        N/A       1%          3
 Portal Projectile        Hex/Tloc       38%        N/A       1%          3
 Spider Form              Tmut/Pois      53%        N/A       1%          3
 Stone Arrow              Conj/Erth      86%        3d12      1%          3
 Tukima's Dance           Hex            19%        N/A       1%          3
 Vhi's Electric Charge    Tloc/Air       100%       N/A       1%          3
 Airstrike                Air            36%        2d(6-22)  1%          4
 Ice Form                 Ice/Tmut       87%        N/A       1%          4
 Leda's Liquefaction      Hex/Erth       21%        N/A       1%          4
 Petrify                  Tmut/Erth      68%        N/A       1%          4
 Summon Ice Beast         Ice/Summ       85%        N/A       1%          4
 Summon Lightning Spire   Summ/Air       70%        N/A       1%          4
 Arcjolt                  Conj/Air       26%        1d36      1%          5
 Freezing Cloud           Conj/Ice/Air   35%        6-21      1%          5
 Lee's Rapid Deconstruct  Erth           30%        3d16*     1%          5
 Lightning Bolt           Conj/Air       26%        1d42      1%          5
 Metabolic Englaciation   Hex/Ice        35%        N/A       1%          5
 Summon Mana Viper        Hex/Summ       50%        N/A       1%          5
 Yara's Violent Unravell  Hex/Tmut       26%        3d11      1%          5
 Borgnjor's Vile Clutch   Necr/Erth      21%        N/A       3%          5
 Animate Dead             Necr           19%        N/A       5%          4
 Flame Wave               Conj/Fire      19%        2d7       5%          4
 Fulminant Prism          Conj/Hex       9%         3d7       5%          4
 Iskenderun's Mystic Bla  Conj/Tloc      19%        2d6       5%          4
 Olgreb's Toxic Radiance  Pois           19%        N/A       5%          4
 Passage of Golubria      Tloc           19%        N/A       5%          4
 Sticky Flame             Conj/Fire      19%        2d4       5%          4
 Fireball                 Conj/Fire      9%         3d6       13%         5
 Iskenderun's Battlesphe  Conj           19%        2d7       13%         5
 Simulacrum               Ice/Necr       35%        N/A       1%          6
 Ozocubu's Refrigeration  Ice            49%        4d18      1%          7
 Summon Hydra             Summ           34%        N/A       7%          7
 Maxwell's Capacitive Co  Air            36%        ∞         32%         8
 Death Channel            Necr           9%         N/A       54%         6
 Starburst                Conj/Fire      9%         6d5       54%         6
 Ignition                 Fire           9%         3d5       100%        8


Dungeon Overview and Level Annotations

Branches:
Dungeon (15/15)            Temple (1/1) D:4            Lair (5/5) D:9
  Swamp (4/4) Lair:2       Spider (4/4) Lair:2        Slime (5/5) Lair:4
    Orc (2/2) D:9             Elf (3/3) Orc:2        Vaults (5/5) D:13
  Crypt (0/3) Vaults:2     Depths (0/4) D:15         Bailey (visited)
  IceCv (visited)

Altars:
Ashenzari
Cheibriados
Dithmenos
Elyvilon
Fedhas
Gozag
Hepliaklqana
Kikubaaqudgha
Makhleb
Nemelex Xobeh
Okawaru
Qazlal
Ru
Sif Muna
Trog
Uskayaw
Vehumet
Wu Jian
Xom
Yredelemnul
Zin
The Shining One

Shops:
D:2 *?   D:3 [   D:4 =   D:13 *   Orc:2 [[[=   Elf:2 *   Elf:3 =   Vaults:4 (

Annotations:
D:3 1 runed translucent door, Crazy Yiuf
D:7 3 runed translucent doors, RegularBeans's ghost, novice SpHu
Swamp:1 3 runed translucent doors, Stoves66's ghost, journeyman TeMo


Innate Abilities, Weirdness & Mutations

You are a lightning-filled tempest!
Your electrical attacks strike out in all directions at once.
You are incredibly evasive.
Your insubstantial body is immune to petrification, constriction, and being set on fire You are flying.
Your armour is entirely melded.
You are incapable of wielding weapons or throwing items.
You cannot wear most types of armour.
You are amphibious.
You can wear up to eight rings at the same time.
((Your skin changes colour to match your surroundings (Stealth+).))
((Your rubbery body absorbs attacks. (AC +1, EV +1)))
((You are camouflaged when in or above water. (Stealth+)))
((You have tentacles for arms and can constrict up to eight enemies at once.))
You possess an exceptional clarity of mind.
((Your system is resistant to poisons. (rPois)))
((You are vulnerable to cold. (rC-)))


Message History

Two slime creatures merge to form a very large slime creature.
You take 41 damage, and have 28/173 hp.
MASSIVE DAMAGE!!
Blink to where?
Press: ? - help, Dir - move target A rockslime and a quicksilver ooze come into view.
As you read the scroll of blinking, it crumbles to dust.
The quicksilver ooze quivers.
You bellow as the wereblood boils in your veins!
The quicksilver ooze completely misses you.
The quicksilver ooze hits you but does no damage.
You blast the quicksilver ooze!!!
The quicksilver ooze is almost dead.
The quicksilver ooze completely misses you. x2
An acid blob comes into view.
You batter the quicksilver ooze!!
You feel a bit better.
You kill the quicksilver ooze!
You regained 2 hp, and now have 31/173 hp.
The acid blob spits acid at you. The splash of acid misses you.
You hit the rockslime but do no damage. The acid blob spits acid at you.
The splash of acid hits you! You resist.
* * * LOW HITPOINT WARNING * * *
The rockslime hits you but does no damage.
You take 11 damage, and have 21/173 hp.
You batter the acid blob!!
Your tentacles burn!
* * * LOW HITPOINT WARNING * * *
The acid blob is moderately wounded.
You batter the rockslime!! The rockslime completely misses you.
You take 1 damage, and have 20/173 hp.
You buffet the rockslime!
The rockslime is severely wounded.
You buffet the acid blob!
Your tentacles burn!
* * * LOW HITPOINT WARNING * * *
The acid blob spits acid at you.
The splash of acid reflects off an invisible shield around you!
The splash of acid hits the acid blob.
The acid blob completely resists.
The rockslime jiggles.
The rockslime hits you!!
You die...

................ "#J
................# ..
................### ..
..................## #.
...................# #J##
...................## .J#
....................######J###
..............J.....J.#..#.#J.
.......<....Jv....JJ...J..§JJ.
..#................J......JJJ.
####..............J......JJ.
##.......................
####....................
###....................
#......................
###...........^.........
#.......................


You could see 3 acid blobs, 3 rockslimes and a quicksilver ooze.

Vanquished Creatures
  the Royal Jelly (Slime:5)
  Dissolution (Slime:3)
  3 dread liches (Vaults:5)
  An ancient lich (Vaults:4)
  Mara (Spider:3)
  Nikola (Elf:1)
  Jory (Vaults:3)
  A tentacled monstrosity (Vaults:5)
  Jorgrun (D:14)
  A quicksilver dragon (Vaults:4)
  5 titans (Vaults:5)
  3 deep elf blademasters (Elf:3)
  4 sphinxes
  5 storm dragons
  A deep elf master archer (Elf:3)
  6 acid blobs
  2 thorn hunters (Swamp:4)
  8 tengu reavers
  Kirke (Swamp:1)
  4 shadow dragons
  3 rockslimes (Slime:5)
  5 emperor scorpions
  An iron dragon (Vaults:5)
  Aizul (Spider:4)
  10 azure jellies
  2 fire giants (Vaults:5)
  A ghost moth (Spider:4)
  3 frost giants
  8 deep elf sorcerers
  A ghost moth (shapeshifter) (Vaults:5)
  12 vault wardens
  A ghoul (Vaults:2)
  4 broodmothers
  21 ironbound preservers
  7 quicksilver oozes
  7 deep elf elementalists
  An eleionoma (shapeshifter) (Vaults:4)
  3 war gargoyles
  4 very ugly things
  7 stone giants
  A vampire knight (Vaults:2)
  3 ironbound thunderhulks
  6 deep elf annihilators
  6 eleionomae
  5 deep elf demonologists
  Azrael (D:12)
  A spark wasp (Spider:1)
  9 bunyips
  A dire elephant (Vaults:3)
  2 crystal guardians (Vaults:3)
  4 ettins
  6 deep elf death magi
  11 deep elf high priests
  Josephine (D:12)
  8 great orbs of eyes
  A shambling mangrove (Swamp:3)
  32 vault guards
  19 yaktaur captains
  2 peacekeepers (Vaults:3)
  24 hydras
  An entropy weaver (Spider:1)
  Harold (D:10)
  A jorogumo (Spider:1)
  4 radroaches
  9 centaur warriors
  6 two-headed ogres
  22 dancing weapons
  4 ogre magi
  3 boulder beetles
  A death yak (Lair:1)
  8 ironbound frosthearts
  9 alligators
  A vampire mage (Vaults:2)
  2 deep troll earth magi (Vaults:5)
  Urug (D:12)
  A titan zombie (Vaults:5)
  2 orc high priests (Elf:1)
  13 deep elf knights
  2 spriggan berserkers (Swamp:4)
  3 tengu warriors
  2 hell knights (Vaults:5)
  A shadow wraith (Vaults:5)
  5 pharaoh ants
  3 sun moths
  5 goliath frogs
  Amaemon (Lair:2)
  10 orb spiders
  A glowing orange brain (Slime:3)
  8 bog bodies
  4 spriggan druids
  43 deep trolls
  A swamp dragon (shapeshifter) (D:13)
  6 wizards
  7 swamp dragons (Swamp:4)
  A lindwurm (shapeshifter) (Vaults:2)
  7 steelbarb worms
  7 deep elf archers
  23 deep elf pyromancers
  4 phantasmal warriors
  7 lindwurms (Vaults:1)
  4 orc knights
  4 necromancers
  4 harpies (Vaults:2)
  24 deep elf zephyrmancers
  A frost giant zombie (Vaults:3)
  An oklob plant (Swamp:3)
  A fire giant zombie (Vaults:3)
  20 wolf spiders
  16 ironbound convokers
  3 shining eyes
  4 orc sorcerers
  4 cyclopes
  2 manticores
  20 ugly things
  3 will-o-the-wisps
  3 elephants (Lair:1)
  3 moths of wrath
  A stone giant skeleton (Vaults:5)
  A black mamba (Lair:4)
  61 slime creatures
  Joseph (Lair:1)
  14 cane toads
  23 vault sentinels
  An ice statue (IceCv)
  11 demonic crawlers
  2 naga magi (D:15)
  An orange demon (Lair:2)
  A cane toad (shapeshifter) (Elf:1)
  6 torpor snails
  A centaur skeleton (D:15)
  4 kobold demonologists
  2 nameless horrors
  2 unseen horrors
  23 yaktaurs
  An elf skeleton (Vaults:3)
  An elf zombie (Vaults:5)
  2 rime drakes (Lair:3)
  An efreet (D:13)
  7 freezing wraiths
  12 komodo dragons
  14 ice devils (IceCv)
  A meliai (shapeshifter) (Vaults:5)
  6 trolls
  4 hornets
  2 polar bears
  2 meliai
  7 tyrant leeches
  A harpy skeleton (D:15)
  29 tarantellas
  A dream sheep (shapeshifter) (Elf:3)
  A blink frog (shapeshifter) (Vaults:5)
  Prince Ribbit (D:7)
  26 blink frogs
  31 jumping spiders
  A slime creature (shapeshifter) (D:13)
  A culicivora (shapeshifter) (D:15)
  6 air elementals
  5 wraiths
  A dire elephant simulacrum (IceCv)
  5 spriggans
  A shadow (D:12)
  21 culicivoras
  A fire bat (shapeshifter) (D:15)
  A water elemental (Elf:1)
  Eustachio (D:5)
  6 basilisks
  32 yaks
  A fire elemental (D:12)
  25 vampire mosquitoes
  6 death yak simulacra (IceCv)
  A steam dragon (D:9)
  Menkaure (D:7)
  62 redbacks
  2 wargs
  2 harpy simulacra (IceCv)
  16 swamp worms
  3 acid dragons
  2 hydra simulacra (IceCv)
  A hell hound (D:12)
  Duvessa (D:7)
  8 water moccasins
  8 swamp drakes
  2 sky beasts
  30 orc warriors
  3 ice beasts
  8 black bears
  14 ogres
  22 wolves
  A centaur (shapeshifter) (Vaults:5)
  10 centaurs
  4 kobold brigands
  Blork the orc (D:6)
  13 bullfrogs
  A gnoll sergeant (D:8)
  5 earth elementals
  5 scorpions
  A two-headed ogre simulacrum (IceCv)
  5 cane toad simulacra
  8 wights
  Dowan (D:7)
  5 elephant simulacra
  A human simulacrum (Vaults:5)
  8 killer bees
  5 electric eels
  15 howler monkeys
  3 jellies
  13 orc priests
  7 hounds
  3 gnoll boudas
  6 iguanas
  21 orc wizards
  2 hell rats (Lair:4)
  A spriggan simulacrum (IceCv)
  2 polar bear simulacra (IceCv)
  A troll simulacrum (IceCv)
  7 wolf simulacra
  A boggart simulacrum (D:15)
  A mummy (D:9)
  Robin (D:4)
  14 gnolls
  A naga simulacrum (IceCv)
  8 adders
  9 river rats (Lair:4)
  3 white imps
  An ufetubus (IceCv)
  A worm (D:5)
  6 dart slugs
  62 orcs
  3 ball pythons
  A bat (shapeshifter) (Vaults:5)
  11 bats
  2 endoplasms
  6 giant cockroaches
  16 goblins
  14 hobgoblins
  4 jackals (D:4)
  4 quokkas
  A frilled lizard (D:3)
  36 kobolds
  4 rats
1623 creatures vanquished.

Vanquished Creatures (collateral kills)
  2 tentacled monstrosities
  Rupert (D:13)
  A deep elf blademaster (Elf:3)
  2 deep elf master archers (Elf:3)
  A thorn hunter (Swamp:4)
  An ancient champion (Vaults:2)
  A tengu reaver (Vaults:2)
  A fenstrider witch (Swamp:3)
  3 deep elf sorcerers (Elf:3)
  4 emperor scorpions (Spider:4)
  A vault warden (Vaults:4)
  A ghost moth (Spider:4)
  2 deep elf elementalists (Elf:3)
  An ironbound preserver (Vaults:2)
  3 ironbound thunderhulks
  A stone giant (Vaults:2)
  A bunyip (Swamp:4)
  A deep elf death mage (Elf:3)
  Snorg (Orc:2)
  A yaktaur captain (Vaults:4)
  2 hydras (Swamp:4)
  A jorogumo (Spider:1)
  A centaur warrior (Vaults:2)
  2 ironbound frosthearts
  2 catoblepae
  A ghost crab (Swamp:1)
  4 dancing weapons (Elf:2)
  An alligator (Swamp:4)
  2 tengu warriors (D:15)
  2 orc high priests (Orc:2)
  6 deep elf knights (Elf:2)
  Sonja (Orc:1)
  A pharaoh ant (Spider:4)
  2 goliath frogs
  Lodul (D:11)
  4 orb spiders (Spider:4)
  4 swamp dragons
  2 ironbound convokers
  4 deep elf zephyrmancers
  A cyclops (D:12)
  4 deep elf pyromancers
  An orc knight (Orc:2)
  3 orc sorcerers
  2 demonic crawlers
  A tengu conjurer (D:12)
  6 yaktaurs
  A human zombie (Vaults:5)
  4 meliai
  A blink frog (Lair:5)
  3 tarantellas (Spider:4)
  A jumping spider (Spider:1)
  3 culicivoras
  2 air elementals (Elf:1)
  A vampire (D:12)
  A basilisk (D:14)
  3 fire elementals
  10 redbacks
  7 vampire mosquitoes
  A swamp worm (Swamp:4)
  2 swamp drakes (Swamp:4)
  8 orc warriors
  An ogre (Orc:2)
  A centaur (D:14)
  A kobold brigand (D:14)
  13 orc priests
  11 orc wizards
  20 orcs
  3 kobolds (D:14)
  4 briar patches (Swamp:4)
193 creatures vanquished.

Vanquished Creatures (others)
  A frost giant (Vaults:5)
  An ironbound preserver (Vaults:5)
  A war gargoyle (Vaults:5)
  A deep troll (Vaults:5)
  A swamp dragon (Swamp:1)
  3 bloated husks
  3 humans (Swamp:1)
  A swamp worm (Swamp:1)
  An orc (Orc:2)
  A bush (Lair:5)
  A butterfly (Swamp:1)
  15 foxfires
  33 fungi
  91 plants
  7 snaplasher vines
161 creatures vanquished.

Grand Total: 1977 creatures vanquished

Notes
Turn   | Place    | Note
-------+----------+-------------------------------------------
     0 | D:1      | Dirtsage the Octopode Transmuter began the quest for the
                  | Orb.
     0 | D:1      | Reached XP level 1. HP: 13/13 MP: 3/3
   204 | D:1      | Reached skill level 1 in Ice Magic
   204 | D:1      | Reached XP level 2. HP: 17/18 MP: 5/5
   313 | D:1      | Reached XP level 3. HP: 20/23 MP: 6/6
   316 | D:1      | Learned a level 2 spell: Wereblood
   829 | D:1      | Found a faded altar of an unknown god.
   883 | D:1      | Reached skill level 2 in Ice Magic
  1000 | D:2      | Found Gangoh's Assorted Antiques.
  1016 | D:2      | Identified the +5 short sword "Uno Jig" {vamp, Will+}
  1130 | D:2      | Reached XP level 4. HP: 28/28 MP: 7/7
  1553 | D:2      | Found Jeuciep's Magic Scroll Shop.
  1568 | D:2      | Bought a scroll of teleportation for 36 gold pieces
  1568 | D:2      | Bought a scroll of identify for 24 gold pieces
  1786 | D:3      | Learned a level 4 spell: Ice Form
  1907 | D:3      | Found a runed translucent door.
  1908 | D:3      | Noticed Crazy Yiuf
  1974 | D:3      | Reached skill level 3 in Ice Magic
  1995 | D:3      | Reached XP level 5. HP: 33/33 MP: 6/8
  2009 | D:3      | Found Pubeb's Antique Armour Shoppe.
  2178 | D:3      | Found a shimmering altar of Xom.
  2648 | D:4      | Found a hazy altar of Hepliaklqana.
  2799 | D:4      | Reached skill level 4 in Ice Magic
  2799 | D:4      | Reached XP level 6. HP: 22/38 MP: 7/9
  2967 | D:4      | Noticed a black bear
  2980 | D:4      | Killed a black bear
  3019 | D:4      | Found Jofunes's One-of-a-Kind Rings.
  3055 | D:4      | Found a staircase to the Ecumenical Temple.
  3063 | Temple   | Entered the Ecumenical Temple
  3090 | Temple   | Became a worshipper of the Shining One
  3114 | D:4      | Noticed a black bear
  3202 | D:4      | Killed a black bear
  3203 | D:4      | Reached skill level 5 in Transmutations
  3203 | D:4      | Reached XP level 7. HP: 43/43 MP: 6/10
  3438 | D:4      | You fall into a shaft and drop 2 floors!
  3445 | D:5      | Entered Level 5 of the Dungeon
  3494 | D:4      | Noticed Robin
  3503 | D:4      | Killed Robin
  3835 | D:5      | Reached skill level 5 in Ice Magic
  4197 | D:5      | Noticed Eustachio
  4213 | D:5      | Killed Eustachio
  4214 | D:5      | Reached skill level 6 in Ice Magic
  4214 | D:5      | Reached XP level 8. HP: 24/48 MP: 6/11
  4344 | D:5      | Noticed a troll
  4365 | D:5      | Killed a troll
  4542 | D:5      | Reached skill level 7 in Ice Magic
  4821 | D:6      | Noticed Blork the orc
  4837 | D:6      | Killed Blork the orc
  4838 | D:6      | Reached skill level 1 in Invocations
  4839 | D:6      | Reached skill level 1 in Evocations
  5281 | D:6      | Reached * piety under the Shining One
  5340 | D:6      | Reached XP level 9. HP: 54/54 MP: 8/12
  5344 | D:6      | Learned a level 2 spell: Passwall
  5546 | D:6      | Found a broken altar of Ashenzari.
  5546 | D:6      | Found a basalt altar of Yredelemnul.
  5551 | D:6      | Found a bloodstained altar of Trog.
  5952 | D:7      | Noticed Dowan
  5955 | D:7      | Noticed Duvessa
  5966 | D:7      | Killed Duvessa
  5968 | D:7      | Killed Dowan
  5969 | D:7      | Reached skill level 5 in Unarmed Combat
  6121 | D:7      | Noticed Prince Ribbit
  6130 | D:7      | Killed Prince Ribbit
  6537 | D:7      | Reached XP level 10. HP: 50/63 MP: 13/13
  6541 | D:7      | Noticed Menkaure
  6555 | D:7      | Killed Menkaure
  6614 | D:7      | Found a flagged portal.
  6623 | Bailey   | Entered a bailey
  6722 | Bailey   | Noticed an orc knight
  6982 | Bailey   | Killed an orc knight
  6983 | Bailey   | Reached skill level 5 in Dodging
  7136 | Bailey   | Reached skill level 5 in Invocations
  7308 | Bailey   | Identified the +2 mace "Lifebane" {chaos, *Rage Dex+5
                  | Stlth+}
  7313 | Bailey   | Identified the +6 morningstar of Mayhem {heavy, rN+ rCorr
                  | Str+4}
  7425 | D:7      | Identified a scroll of acquirement
  7426 | D:7      | Acquired 1228 gold pieces
  7560 | D:4      | Bought a +7 ring of protection for 1138 gold pieces
  7560 | D:4      | Bought a +9 ring of evasion for 1138 gold pieces
  7702 | D:7      | Found a runed translucent gate.
  7702 | D:7      | Found a runed translucent gate.
  7702 | D:7      | Found an opulent altar of Gozag.
  7702 | D:7      | Found a runed translucent gate.
  7702 | D:7      | Noticed RegularBeans's ghost (novice SpHu)
  7702 | D:7      | Noticed a centaur warrior
  7703 | D:7      | Noticed a red ugly thing
  7853 | D:7      | Reached ** piety under the Shining One
  8123 | D:8      | Reached skill level 5 in Fighting
  8288 | D:8      | Learned a level 4 spell: Summon Ice Beast
  8534 | D:9      | Reached skill level 1 in Summonings
  8869 | D:9      | Reached XP level 11. HP: 72/72 MP: 3/15
  8979 | D:9      | Found a staircase to the Lair.
  9118 | D:9      | Found a staircase to the Orcish Mines.
  9493 | D:9      | Found a snail-covered altar of Cheibriados.
 10336 | D:4      | Bought a +8 ring of strength for 605 gold pieces
 10479 | Lair:1   | Entered Level 1 of the Lair of Beasts
 10488 | Lair:1   | Learned a level 3 spell: Frozen Ramparts
 10540 | Lair:1   | Noticed Joseph
 10564 | Lair:1   | Killed Joseph
 10678 | Lair:1   | Noticed a death yak
 10705 | Lair:1   | Killed a death yak
 10899 | Lair:1   | Reached *** piety under the Shining One
 11333 | Lair:1   | Found a hazy altar of Hepliaklqana.
 11346 | Lair:1   | Noticed a four-headed hydra
 11354 | Lair:1   | Killed a four-headed hydra
 11452 | Lair:1   | Identified the +9 spear of Patterns {protect, Dex+2 SInv}
 11539 | Lair:1   | Reached skill level 5 in Spellcasting
 11539 | Lair:1   | Reached skill level 5 in Summonings
 11543 | Lair:1   | Reached XP level 12. HP: 80/80 MP: 9/19
 11898 | Lair:2   | Reached skill level 10 in Unarmed Combat
 12144 | Lair:2   | Noticed Amaemon
 12155 | Lair:2   | Killed Amaemon
 12466 | Lair:2   | Noticed a five-headed hydra
 12484 | Lair:2   | Killed a five-headed hydra
 12532 | Lair:2   | Found a hole to the Spider Nest.
 12785 | Lair:2   | Noticed a six-headed hydra
 12798 | Lair:2   | Killed a six-headed hydra
 12843 | Lair:2   | Found a staircase to the Swamp.
 14155 | Lair:4   | Reached XP level 13. HP: 88/88 MP: 15/20
 14176 | Lair:4   | Found a frozen archway.
 14196 | IceCv    | Entered an ice cave
 14196 | IceCv    | Reached **** piety under the Shining One
 14382 | IceCv    | Found an ancient bone altar of Kikubaaqudgha.
 14415 | IceCv    | Learned a level 6 spell: Summon Cactus Giant
 14636 | IceCv    | Reached ***** piety under the Shining One
 15271 | Lair:4   | Found a staircase to the Slime Pits.
 15985 | Lair:5   | Entered Level 5 of the Lair of Beasts
 16124 | Lair:5   | Reached skill level 10 in Invocations
 16585 | Lair:5   | Reached XP level 14. HP: 58/98 MP: 15/22
 17042 | Lair:5   | Reached skill level 10 in Summonings
 17106 | Lair:5   | Learned a level 3 spell: Ozocubu's Armour
 17141 | Lair:5   | Reached skill level 10 in Fighting
 17875 | Orc:1    | Entered Level 1 of the Orcish Mines
 17875 | Orc:1    | Noticed Sonja
 17887 | Orc:1    | Killed Sonja
 18037 | Orc:2    | Entered Level 2 of the Orcish Mines
 18094 | Orc:2    | Noticed Snorg
 18101 | Orc:2    | Killed Snorg
 18320 | Orc:2    | Found a staircase to the Elven Halls.
 18373 | Orc:2    | Found Zebazuf's Antique Armour Boutique.
 18373 | Orc:2    | Found Hylliab's Armour Boutique.
 18373 | Orc:2    | Found Ragom Sangorr's Antique Armour Shop.
 18379 | Orc:2    | Found Quynna Cuba's Jewellery Shop.
 18394 | Orc:2    | Paralysed by an orc sorcerer for 5 turns
 18525 | Orc:2    | Bought an amulet of reflection for 420 gold pieces
 18532 | Orc:2    | Bought a ring of wizardry for 420 gold pieces
 18945 | Orc:1    | Paralysed by an orc sorcerer for 4 turns
 18979 | Orc:1    | Reached ****** piety under the Shining One
 19424 | D:10     | Entered Level 10 of the Dungeon
 19592 | D:10     | Noticed Harold
 19604 | D:10     | Killed Harold
 20060 | D:10     | Found a glowing silver altar of Zin.
 20984 | D:11     | Identified the +0 leather armour of Absolutism {Harm}
 21288 | D:11     | Noticed Lodul
 21296 | D:11     | Killed Lodul
 21718 | D:12     | Reached XP level 15. HP: 108/108 MP: 18/27
 21818 | D:12     | Got the Cyclopedia of Befouled Kinetic Energy
 21870 | D:12     | Noticed Azrael
 21881 | D:12     | Killed Azrael
 22078 | D:12     | Noticed Josephine
 22086 | D:12     | Killed Josephine
 22148 | D:12     | Noticed Urug
 22155 | D:12     | Killed Urug
 22519 | D:12     | Learned a level 6 spell: Statue Form
 22899 | D:13     | Reached skill level 1 in Earth Magic
 23003 | D:13     | Found a gate to the Vaults.
 23062 | D:13     | Noticed Rupert
 23080 | D:13     | Killed Rupert
 23553 | D:13     | Found Luerott's General Store.
 23577 | D:13     | Bought a scroll of identify for 38 gold pieces
 23577 | D:13     | Bought a scroll of fog for 76 gold pieces
 23661 | D:14     | Found a hide-covered altar of Uskayaw.
 24235 | D:14     | Found an opulent altar of Gozag.
 24698 | D:14     | Noticed Jorgrun
 24711 | D:14     | Killed Jorgrun
 24804 | D:15     | Entered Level 15 of the Dungeon
 25212 | D:15     | Found a staircase to the Depths.
 25717 | D:15     | Reached XP level 16. HP: 116/116 MP: 16/29
 25755 | D:15     | Reached skill level 5 in Earth Magic
 26275 | Spider:1 | Entered Level 1 of the Spider Nest
 28041 | Spider:2 | Learned a level 3 spell: Lesser Beckoning
 28539 | Spider:2 | Reached skill level 10 in Dodging
 29499 | Spider:3 | Reached skill level 10 in Spellcasting
 29542 | Spider:3 | Acquired 714 gold pieces
 29784 | Spider:3 | Reached XP level 17. HP: 122/122 MP: 25/31
 30970 | Spider:4 | Entered Level 4 of the Spider Nest
 31069 | Spider:4 | Noticed Mara
 31082 | Spider:3 | Killed Mara
 31307 | Spider:4 | Reached skill level 10 in Transmutations
 31545 | Spider:4 | Learned a level 3 spell: Hailstorm
 31591 | Spider:4 | Noticed Aizul
 31599 | Spider:4 | Killed Aizul
 31827 | Spider:4 | Got a gossamer rune of Zot
 32436 | Swamp:1  | Entered Level 1 of the Swamp
 32488 | Swamp:1  | Noticed Kirke
 32496 | Swamp:1  | Noticed a sphinx
 32497 | Swamp:1  | Killed Kirke
 32507 | Swamp:1  | Reached XP level 18. HP: 107/130 MP: 30/33
 32684 | Swamp:1  | Noticed a tentacled monstrosity
 32687 | Swamp:1  | Noticed Stoves66's ghost (journeyman TeMo)
 32692 | Swamp:1  | Found a runed translucent gate.
 32692 | Swamp:1  | Found a runed translucent gate.
 32692 | Swamp:1  | Found a runed translucent gate.
 33411 | Swamp:2  | Acquired a book of Ice
 33750 | Swamp:2  | Identified the ring "Yshriuloi" {Ice Int+2 Dex-5 Slay+2}
 34015 | Swamp:2  | Learned a level 5 spell: Summon Forest
 34048 | Swamp:2  | Identified the +1 robe of Xom's Benevolence {rElec Str+2
                  | Int+4}
 34443 | Swamp:3  | Found a hazy altar of Hepliaklqana.
 34462 | Swamp:3  | Reached skill level 8 in Ice Magic
 34758 | Swamp:3  | Noticed a tentacled monstrosity
 34767 | Swamp:3  | Killed a tentacled monstrosity
 34768 | Swamp:3  | Reached skill level 9 in Ice Magic
 35002 | Swamp:4  | Entered Level 4 of the Swamp
 35135 | Swamp:4  | Reached skill level 10 in Ice Magic
 35157 | Swamp:4  | Identified the +8 broad axe "Arbiter" {antimagic, *Slow Fly
                  | rPois Int+3}
 35341 | Swamp:4  | Reached skill level 11 in Ice Magic
 35810 | Swamp:4  | Reached XP level 19. HP: 136/136 MP: 23/34
 35959 | Swamp:4  | Reached skill level 12 in Ice Magic
 36203 | Swamp:4  | Got a decaying rune of Zot
 36461 | Elf:1    | Entered Level 1 of the Elven Halls
 36464 | Elf:1    | Paralysed by an air elemental for 1 turns
 36468 | Elf:1    | Paralysed by an air elemental for 1 turns
 36671 | Elf:1    | Noticed Nikola
 36673 | Elf:1    | Reached skill level 13 in Ice Magic
 36678 | Elf:1    | Killed Nikola
 37642 | Elf:2    | Reached skill level 14 in Ice Magic
 38057 | Elf:2    | Found Rouhi's CLEARANCE SALE!.
 38062 | Elf:2    | Bought a scroll of blinking for 30 gold pieces
 38268 | Elf:2    | Found a runed translucent gate.
 38269 | Elf:2    | Found a runed translucent gate.
 38269 | Elf:2    | Found a runed translucent gate.
 38294 | Elf:2    | Reached skill level 15 in Ice Magic
 38758 | Elf:3    | Entered Level 3 of the Elven Halls
 38770 | Elf:3    | Paralysed by an air elemental for 1 turns
 38900 | Elf:3    | Reached skill level 16 in Ice Magic
 39018 | Elf:3    | Found Nusem's Jewellery Boutique.
 39028 | Elf:3    | Bought the ring "Yssoss" {Fly rF+ rC+ Will+} for 513 gold
                  | pieces
 39147 | Elf:3    | Reached XP level 20. HP: 143/143 MP: 20/35
 39162 | Elf:3    | Reached skill level 17 in Ice Magic
 39322 | Elf:3    | Identified the +6 trident "Qiubaemiofe" {drain, Int+3}
 39357 | Elf:3    | Reached skill level 18 in Ice Magic
 39384 | Elf:3    | Identified the +9 hand axe of the Swamp {flame, Dex+6}
 39530 | Elf:3    | Identified the +0 robe of Fortification {Harm MP+9}
 39581 | Elf:3    | Identified the +8 trident of Goschaby {elec, rPois}
 39612 | Elf:3    | Identified the +6 scale mail of Dishonesty {rPois}
 39719 | Elf:3    | Got the Textbook on the Black Widow and Permutations
 40256 | Vaults:1 | Entered Level 1 of the Vaults
 40417 | Vaults:1 | Reached skill level 19 in Ice Magic
 40426 | Vaults:1 | Identified the +11 trident of Bloodstone {freeze, rN+ Str+4
                  | Stlth-}
 40964 | Vaults:1 | Got the Grimoire of Inconstant Angles
 41482 | Vaults:1 | Reached skill level 20 in Ice Magic
 41482 | Vaults:1 | Reached XP level 21. HP: 113/148 MP: 28/36
 41493 | Vaults:1 | Learned a level 9 spell: Polar Vortex
 42113 | Vaults:2 | Found a transporter.
 42113 | Vaults:2 | Found a transporter.
 42116 | Vaults:2 | Found the +27 heavy crossbow "Sniper" {heavy, Acc+∞ SInv}
 42357 | Vaults:2 | Identified the +4 mace of Trial by Ordeal {freeze, +Blink
                  | rElec Will+ rCorr}
 42377 | Vaults:2 | Identified the ring of Ohoasewa {rF+ Dex+6}
 42598 | Vaults:2 | Found a staircase to the Crypt.
 42797 | Vaults:2 | Identified the +4 trident of Wu Jian's Generosity {elec,
                  | Will++ rCorr}
 43624 | Vaults:3 | Noticed Jory
 43634 | Vaults:3 | Killed Jory
 43635 | Vaults:3 | Reached skill level 1 in Air Magic
 44055 | Vaults:3 | Reached skill level 15 in Fighting
 44706 | Vaults:3 | Reached skill level 15 in Unarmed Combat
 44706 | Vaults:3 | Reached XP level 22. HP: 157/157 MP: 32/37
 44951 | Vaults:3 | Reached skill level 21 in Ice Magic
 45625 | Vaults:4 | Identified the +4 trident of Sutocot {elec, Dex+3}
 45629 | Vaults:4 | Found Woskais's Antique Weapon Shop.
 45765 | Vaults:4 | Reached skill level 5 in Air Magic
 46501 | Vaults:5 | Entered Level 5 of the Vaults
 46650 | Vaults:5 | Noticed an ancient lich
 46662 | Vaults:4 | Killed an ancient lich
 46808 | Vaults:5 | Reached XP level 23. HP: 135/164 MP: 20/39
 46813 | Vaults:5 | Noticed a dread lich
 47039 | Vaults:5 | Killed a dread lich
 47094 | Vaults:5 | Noticed a dread lich
 47125 | Vaults:5 | HP: 7/214 [tengu reaver/bolt of acid (25)]
 47623 | Vaults:5 | Identified the +6 long sword of Disharmony {pain, +Blink
                  | rPois rF-}
 47638 | Vaults:4 | HP: 9/214 [tentacled monstrosity (8)]
 47917 | Vaults:5 | Identified the +10 war axe of the Dragonfly {drain, rCorr
                  | Dex-4 SInv}
 48032 | Vaults:5 | Identified the amulet "Litios" {Reflect rC+ Str+3 SH+5}
 48038 | Vaults:5 | Killed a dread lich
 48167 | Vaults:5 | Acquired the +0 hat of Rykk {rCorr}
 48196 | Vaults:5 | Identified the +0 helmet "Dotsui Paall" {rElec Int+3}
 48197 | Vaults:5 | Identified the +6 hand axe "Qameac" {holy, Str+4}
 48207 | Vaults:5 | Noticed a dread lich
 48215 | Vaults:5 | Killed a dread lich
 48216 | Vaults:5 | Reached skill level 10 in Air Magic
 48271 | Vaults:5 | Identified the +6 hand axe "Bailiom" {heavy, Str+2}
 48496 | Vaults:5 | Found the +10 tower shield of Ignorance {rN+ Int-4}
 48649 | Vaults:5 | Got the Annotations on Nauseating Nightshade
 48725 | Vaults:5 | Got a silver rune of Zot
 48930 | Vaults:5 | Learned a level 7 spell: Storm Form
 49299 | Slime:1  | Entered Level 1 of the Pits of Slime
 49347 | Slime:3  | Noticed Dissolution
 49349 | Slime:3  | Was placed under penance by the Shining One
 49354 | Slime:3  | Killed Dissolution
 49541 | Slime:5  | Entered Level 5 of the Pits of Slime
 49543 | Slime:5  | Gained mutation: You are vulnerable to heat. (rF-) [a
                  | shining eye]
 49648 | Slime:4  | Gained mutation: You occasionally lose the ability to drink
                  | potions when taking damage. [a shining eye]
 49657 | Slime:4  | Lost mutation: You occasionally lose the ability to drink
                  | potions when taking damage. [potion of mutation]
 49657 | Slime:4  | Lost mutation: You are vulnerable to heat. (rF-) [potion of
                  | mutation]
 49657 | Slime:4  | Gained mutation: You are vulnerable to cold. (rC-) [potion
                  | of mutation]
 49657 | Slime:4  | Gained mutation: You possess an exceptional clarity of
                  | mind. [potion of mutation]
 49657 | Slime:4  | Gained mutation: Your system is resistant to poisons.
                  | (rPois) [potion of mutation]
 49693 | Slime:5  | Noticed the Royal Jelly
 49707 | Slime:5  | Reached XP level 24. HP: 148/173 MP: 39/40
 49712 | Slime:5  | Killed the Royal Jelly
 49728 | Slime:5  | Mangled by a rockslime

Illustrated notes

Levels and vault maps discovered:
D:1:      dpeg_arrival_simpleton_b, layout_basic,
          shapermc_ecumenical_altar_mp_urbaneastern
D:2:      layout_loops_ring, serial_shops, shop, shop
D:3:      layout_loops_ring, nicolae_overflow_hidden_temple, serial_shops,
          nicolae_shop_statue_plus, minivault_25, chequers_arboretum,
          uniq_crazy_yiuf_cottage
D:4:      layout_basic, kennysheep_mini_moat, temple_green,
          nicolae_shop_unique_rings, minmay_quadrilaterals, uniq_robin
D:5:      layout_basic, uniq_eustachio
D:6:      layout_basic, minitemple, uniq_blork_the_orc
D:7:      layout_loops_cross, ebering_ghost_gozag, enter_bailey_2,
          uniq_prince_ribbit1, uniq_duvessa, uniq_menkaure
D:8:      layout_basic
D:9:      layout_basic, chei_slow_surprise, erik_lair_island, david_orc_4
D:10:     layout_basic, zin_scriptorium, kennysheep_nondescript,
          grunt_ministairs_2, uniq_harold
D:11:     layout_loops_ring, worms_lemuel, uniq_lodul, uniq_erolcha
D:12:     layout_cave_pods, grunt_ministairs_6, uniq_josephine, uniq_urug,
          uniq_azrael
D:13:     layout_roguey, erik_vaults_1, serial_shops, kennysheep_little_box,
          uniq_rupert
D:14:     layout_stronghold, nicolae_gozag_cash_rules_everything_around_me,
          dancing_weapons_uskayaw, uniq_jorgrun
D:15:     grunt_enter_depths_magical_seal, layout_long_grid,
          grunt_decor_one_mirror
Temple:   hellmonk_temple_of_storms
Lair:1:   beast_lair_carwin_large_1, layout_cave_pods, basic_altar, st_stairs_8,
          uniq_joseph
Lair:2:   layout_regular_city, palyth_hydra_swamp_entry,
          spider_nest_entry_rubble, uniq_amaemon
Lair:3:   layout_cave_pods, forest_entry_grove
Lair:4:   layout_hall_layers, slime_entry_1,
          portal_ice_cave_entry_ice_simulacra, kennysheep_rathole,
          lemuel_fruit_fields, grunt_megastairs_4
Lair:5:   minmay_lair_end_frog_pond, layout_regular_city, lemuel_fruit_fields,
          serial_bayou_shore_a
Swamp:1:  nicolae_swamp_decorative_isthmus, layout_basic_swamp,
          gammafunk_ghost_split, evilmike_swamp_ruin_rubble_1, swamp_pool5,
          nicolae_swamp_frolicking_bunyips, uniq_kirke
Swamp:2:  layout_basic_swamp, nicolae_swamp_dense_foliage, roderic_carrion_pond
Swamp:3:  layout_falls_marsh, basic_altar, nicolae_swamp_oklob_treasure_island
Swamp:4:  swamp_basic_johnstein, layout_basic_swamp
Spider:1: layout_cave_pods, drop_trap, nicolae_spider_webs_and_nodes
Spider:2: layout_chambers, hangedman_spider_mandibles
Spider:3: layout_spider_delve
Spider:4: grunt_spider_rune_circles, nicolae_orb_island, uniq_mara, uniq_aizul
Slime:1:  layout_caves, cheibrodos_slime_lost_civilization_7
Slime:2:  layout_caves, cheibrodos_slime_lost_civilization_4
Slime:3:  layout_caves, dissolution_awaits
Slime:4:  layout_caves
Slime:5
Orc:1:    layout_diamond_mine, minmay_orc_temple_b, uniq_sonja
Orc:2:    st_orc_mages, layout_caves, uniq_snorg
Elf:1:    nicolae_elf_arrival_aired_out, layout_loops_cross,
          hangedman_corner_corridor, uniq_nikola
Elf:2:    nicolae_elf_blades_crystal_corner, layout_onion_city,
          nicolae_shop_clearance
Elf:3:    nooodl_elf_gasket, layout_geoelf_diagonals, serial_shops, shop
Vaults:1: v_misc_8, v_alt_pattern_4, nicolae_vaults_what_the_h,
          nicolae_vaults_hallways_thing, vaults_room_guarded_vault,
          v_alt_pattern_6, ontoclasm_vaults_hangar, ontoclasm_vaults_ring_large,
          ontoclasm_vaults_shuriken, vaults_dpeg_diagonal, layout_vaults_ring
Vaults:2: grunt_vaults_focal, minmay_crypt_entry_simple_plaza, v_misc_27,
          v_misc_1, vaults_mumra_chevron_long, v_pattern_3, gammafunk_the_bubble
          [the_bubble_gammafunk_split], hangedman_vaults_slice,
          vaults_room_ringed_pool, v_rooms_5, vaults_dpeg_encased_lava,
          layout_vaults_maze_snakey
Vaults:3: v_misc_15, ontoclasm_vaults_hangar, st_spiral_rooms,
          ontoclasm_vaults_ring_square, vaults_standard_mumra_lines,
          v_pattern_2, serial_ice_b, nicolae_vaults_alarming,
          grunt_vaults_hallway_long, layout_vaults_chaotic_city, uniq_jory
Vaults:4: v_misc_29, nicolae_vaults_theta, v_misc_33, v_misc_8, v_misc_26,
          v_pattern_4, v_misc_18, layout_vaults_omnicross, serial_shops,
          nicolae_shop_temple_entry_statues_fountains
Vaults:5: serial_shops

Skill      XL: |  1  2  3  4  5  6  7  8  9 10 11 12 13 14 15 16 17 18 19 20 21 22 23 |
---------------+----------------------------------------------------------------------+-----
Ice Magic      | 1 2 3 4 6 7 11 16 20 21 | 21.1
Transmutations | 3 4 5 6 7 8 9 10 11 | 11.8
Invocations    | 2 4 5 6 8 10 11 12 | 12.6
Evocations     | 2 3 |  3.1
Fighting       | 2 4 5 6 7 9 11 12 13 14 15 16 | 16.5
Unarmed Combat | 4 6 8 9 11 12 13 14 15 16 | 16.4
Dodging        | 4 5 6 8 9 10 11 12 13 14 | 14.5
Summonings     | 2 5 9 10 | 10.0
Spellcasting   | 5 8 9 10 11 12 13 | 13.3
Earth Magic    | 4 7 8 |  8.0
Air Magic      | 3 8 10 | 10.9

Action                   |  1- 3 |  4- 6 |  7- 9 | 10-12 | 13-15 | 16-18 | 19-21 | 22-24 || total
-------------------------+-------+-------+-------+-------+-------+-------+-------+-------++-------
Melee: Unarmed           |    59 |     9 |   198 |   497 |   779 |   772 |   670 |   454 ||  3438
       Constrict         |    22 |    19 |     4 |     1 |     5 |   143 |   147 |    53 ||   394
       Kick              |    13 |    16 |     1 |       |       |       |       |       ||    30
       Tentacles         |    11 |    17 |     2 |       |     7 |   196 |   239 |   135 ||   607
       Short sword       |     7 |    74 |       |       |       |       |       |       ||    81
       Punch             |     1 |     2 |     1 |       |     3 |    94 |   109 |    89 ||   299
 Cast: Beastly Appendage |    12 |    18 |     3 |       |     1 |     3 |       |       ||    37
       Wereblood         |       |     1 |     1 |    16 |    10 |     3 |     5 |    11 ||    47
       Ice Form          |       |     2 |    23 |    51 |    80 |    15 |     2 |     3 ||   176
       Summon Ice Beast  |       |       |       |     2 |     2 |     1 |       |       ||     5
       Frozen Ramparts   |       |       |       |    14 |    35 |    32 |    32 |     9 ||   122
       Summon Cactus Gia |       |       |       |       |    25 |    33 |     8 |       ||    66
       Ozocubu's Armour  |       |       |       |       |    10 |       |       |       ||    10
       Statue Form       |       |       |       |       |       |    82 |    78 |    24 ||   184
       Lesser Beckoning  |       |       |       |       |       |    14 |     6 |     2 ||    22
       Hailstorm         |       |       |       |       |       |     1 |       |       ||     1
       Summon Forest     |       |       |       |       |       |     9 |     6 |     2 ||    17
       Polar Vortex      |       |       |       |       |       |       |     3 |     9 ||    12
       Storm Form        |       |       |       |       |       |       |       |     8 ||     8
Invok: Divine Shield     |       |       |       |     3 |    11 |     4 |    15 |    12 ||    45
       Cleansing Flame   |       |       |       |       |     6 |       |       |       ||     6
       Summon Divine War |       |       |       |       |     8 |     5 |     6 |     5 ||    24
 Abil: Blinkbolt         |       |       |       |       |       |       |       |     3 ||     3
Evoke: Wand              |       |       |       |       |     1 |       |       |       ||     1
  Use: Scroll            |       |     4 |     5 |     6 |     7 |    13 |     3 |     9 ||    47
       Potion            |       |       |     2 |     1 |       |       |       |     7 ||    10
 Stab: Sleeping          |     6 |     6 |       |       |       |       |       |       ||    12
Armor: Skin              |     8 |    17 |    68 |   105 |   169 |   451 |   314 |   203 ||  1335
Dodge: Dodged            |    44 |    48 |    69 |   360 |   552 |  1320 |   721 |   609 ||  3723
Block: Other             |       |       |       |     6 |   157 |   334 |   265 |   288 ||  1050
       Reflection        |       |       |       |       |    19 |       |    36 |    19 ||    74

Table legend: (Time is in decaauts)
 A = Elapsed time spent in this place.
 B = Non-inter-level travel time spent in this place.
 C = Inter-level travel time spent in this place.
 D = Time resting spent in this place.
 E = Time spent auto-exploring this place.
 F = Levels seen in this place.
 G = Mean time per level.
                   A        B        C        D        E       F      G
               +--------+--------+--------+--------+--------+-----+--------+
         Total |  53447 |  50460 |   2987 |   4461 |  35914 |  46 | 1161.9 |
       Dungeon |  16709 |  15337 |   1372 |    218 |  12539 |  15 | 1113.9 |
        Temple |     46 |     29 |     17 |      0 |     11 |   1 |   46.0 |
          Lair |   6878 |   6362 |    516 |    442 |   4731 |   5 | 1375.6 |
         Swamp |   4677 |   4518 |    159 |    500 |   2870 |   4 | 1169.2 |
   Spider Nest |   7266 |   6884 |    382 |    832 |   4639 |   4 | 1816.5 |
    Slime Pits |    388 |    388 |      0 |    123 |      0 |   5 |   77.6 |
  Orcish Mines |   1562 |   1420 |    142 |      0 |   1148 |   2 |  781.0 |
   Elven Halls |   4411 |   4249 |    162 |    395 |   2911 |   3 | 1470.3 |
        Vaults |  10142 |   9907 |    235 |   1630 |   6497 |   5 | 2028.4 |
        Bailey |    779 |    779 |      0 |    320 |    269 |   1 |  779.0 |
      Ice Cave |    584 |    584 |      0 |      0 |    298 |   1 |  584.0 |
               +--------+--------+--------+--------+--------+-----+--------+

Top non-repeatable levels by time:
Vaults:4: 2941 daAuts
Spider:3: 2465 daAuts
Vaults:3: 2229 daAuts
Vaults:2: 1985 daAuts
Spider:2: 1878 daAuts
     D:9: 1871 daAuts
   Elf:2: 1715 daAuts
Vaults:1: 1697 daAuts
  Lair:5: 1667 daAuts
Spider:1: 1637 daAuts
   Elf:3: 1604 daAuts
 Swamp:4: 1580 daAuts
  Lair:4: 1577 daAuts
  Lair:1: 1364 daAuts
    D:10: 1330 daAuts
